 Dungeon Crawl Stone Soup version 0.30-a0-55-g90e3122c3a (webtiles) character file.

Game seed: 4927334807960035095

66 AarnesTheHuman the Cudgeller (level 4, -5/44 HPs)
             Began as an Ogre Gladiator on Sept 9, 2022.
             Slain by Sigmund
             ... wielding a +0 scythe
              (12 damage)
             ... on level 3 of the Dungeon.
             The game lasted 00:05:23 (2966 turns).

AarnesTheHuman the Cudgeller (Ogre Gladiator)       Turns: 2966, Time: 00:05:24

Health: -5/44      AC:  3    Str: 20    XL:     4   Next: 15%
Magic:  4/4        EV: 10    Int: 13    God:
Gold:   143        SH:  0    Dex: 10    Spells: 3/3 levels left

rFire   + . .      SeeInvis .    a - +0 flail
rCold   . . .      Faith    .    (no shield)
rNeg    . . .      Spirit   .    b - +0 robe
rPois   .          Reflect  .    c - +0 hat
rElec   +          Harm     .    (no cloak)
rCorr   .          Rampage  .    (gloves unavailable)
Will    ++...                    (boots unavailable)
Stlth   +.........               (no amulet)
HPRegen 0.14/turn                m - ring of Light {*Slow rElec rF+ Will++ Int+4}
MPRegen 0.09/turn                (no ring)

@: hasted, very quick
A: large, unfitting armour, tough skin 1
a: no special abilities


You were on level 3 of the Dungeon.
You visited 1 branch of the dungeon, and saw 4 of its levels.

You collected 143 gold pieces.

Inventory:

Hand Weapons
 a - a +0 flail (weapon)
Missiles
 d - 2 throwing nets
 e - a large rock
 g - 44 stones
 q - 3 boomerangs (quivered)
Armour
 b - a +0 robe (worn)
 c - a +0 hat (worn)
Jewellery
 m - the ring of Light (left hand) {*Slow rElec rF+ Will++ Int+4}
   (You found it on level 2 of the Dungeon)

   [ring of protection from fire]

   Int:       It affects your intelligence (+4).
   rF:        It protects you from fire.
   rElec:     It insulates you from electricity.
   *Slow:     It may slow you when you take damage.
   Will:      It greatly increases your willpower.
Scrolls
 h - 4 scrolls of identify
 l - 2 scrolls of noise {unknown}
Potions
 f - 2 potions of haste
 i - 3 potions of curing
 j - 2 potions of heal wounds {unknown}
 k - 2 potions of lignification {unknown}
 n - 2 potions of degeneration {unknown}
 p - a potion of ambrosia {unknown}


   Skills:
 - Level 2.6 Fighting
 + Level 4.4 Maces & Flails
 - Level 2.0 Throwing
 - Level 2.6 Dodging


You had 3 spell levels left.
You didn't know any spells.
Your spell library contained the following spells:

 Spells                   Type           Power      Damage    Failure   Level
 Beastly Appendage        Tmut           0%         N/A       30%         1
 Wereblood                Tmut           0%         N/A       43%         2
 Dazzling Flash           Conj/Hex       0%         N/A       67%         3
 Spider Form              Tmut/Pois      0%         N/A       67%         3
 Iskenderun's Mystic Bla  Conj/Tloc      0%         2d3       97%         4
 Conjure Ball Lightning   Conj/Air       0%         3x3d6     100%        6
 Starburst                Conj/Fire      0%         6d3       100%        6
 Discord                  Hex            0%         N/A       100%        8
 Disjunction              Tloc           0%         N/A       100%        8


Dungeon Overview and Level Annotations

Branches:
Dungeon (4/15)
 Temple: D:4-7

Altars:
Kikubaaqudgha

Shops:
D:2 (

Annotations:
D:2 exclusion: downstairs
D:3 Sigmund
D:4 Eustachio


Innate Abilities, Weirdness & Mutations

You are too large for most types of armour.
You have tough skin. (AC +1)


Message History

The shadow imp gestures at you. You resist with almost no effort.
The shadow imp lashes its tail.
You barely miss the shadow imp.
Sigmund appears from thin air!
Reactivating autopickup.
The shadow imp closely misses you. Sigmund misses you. The shadow imp hits you.
You hit the shadow imp.
The shadow imp is lightly wounded.
The shadow imp hits you.
Sigmund hits you from afar with a +0 scythe.
You hit the shadow imp.
The shadow imp is moderately wounded.
The shadow imp hits you. Sigmund hits you but does no damage.
You hit the shadow imp.
The shadow imp is moderately wounded.
The shadow imp hits you.
You hit the shadow imp but do no damage.
The shadow imp is moderately wounded.
The shadow imp hits you but does no damage.
You sock the shadow imp!
You kill the shadow imp!
Sigmund gestures at you while chanting. The magic dart hits you.
Sigmund hits you from afar with a +0 scythe!
* * * LOW HITPOINT WARNING * * *
You feel yourself speed up. The dart slug launches a dart at you.
The slug dart misses you. Sigmund hits you but does no damage.
You hit Sigmund.
Sigmund is moderately wounded.
You hit Sigmund but do no damage.
Sigmund is moderately wounded.
Sigmund barely misses you.
You hit Sigmund.
Sigmund is heavily wounded.
You hit Sigmund but do no damage.
Sigmund is heavily wounded.
Sigmund hits you with a +0 scythe!
You die...

.<...............†......##
...............##†.......
..........###........#..#
....#####............#..## #
....####....##.......#...# .#
.......................#.###.#
#####..#######.#.............#
# ##...######..#...>.####....#
# #.....#.......@............#
###.###...##..w##@######.#..##
...............##.# #...##
.#)###....##..w...# ##..#
##.#...#...#....### #..## #
##...#####.#...## ##..# .#
##..## ##.....# #..# ..# ##.##
#.....## ##..#...# ####
#.#...## #.......#


You could see Sigmund and a dart slug.

Vanquished Creatures
  A shadow imp (D:3)
  A worm (D:3)
  3 orcs
  7 ball pythons
  2 endoplasms
  3 giant cockroaches
  7 goblins
  3 hobgoblins (D:1)
  6 jackals
  2 quokkas
  A bat (D:1)
  3 frilled lizards (D:2)
  4 kobolds
  6 rats
49 creatures vanquished.

Notes
Turn   | Place    | Note
-------+----------+-------------------------------------------
     0 | D:1      | AarnesTheHuman the Ogre Gladiator began the quest for the
                  | Orb.
     0 | D:1      | Reached XP level 1. HP: 22/22 MP: 1/1
    33 | D:1      | Reached skill level 3 in Maces & Flails
   190 | D:1      | Reached XP level 2. HP: 29/29 MP: 2/2
   750 | D:1      | Reached XP level 3. HP: 27/36 MP: 3/3
   831 | D:1      | Found a faded altar of an unknown god.
  1465 | D:2      | Found an ancient bone altar of Kikubaaqudgha.
  1700 | D:2      | Identified the ring of Light {*Slow rElec rF+ Will++ Int+4}
  1850 | D:2      | Reached skill level 4 in Maces & Flails
  1896 | D:2      | Found Sayfu's Weapon Emporium.
  2610 | D:3      | Noticed Sigmund
  2820 | D:3      | Reached XP level 4. HP: 39/44 MP: 4/4
  2869 | D:4      | Noticed Eustachio
  2966 | D:3      | Slain by Sigmund

Illustrated notes

Levels and vault maps discovered:
D:1:      dpeg_arrival_ternary, layout_loops_ring,
          ebering_ecumenical_altar_hall, minmay_crystal_room
D:2:      layout_basic, serial_shops, nicolae_shop_bloodbath_and_beyond,
          basic_altar
D:3:      layout_rooms, nrook_loot_triangle, uniq_sigmund
D:4:      layout_rooms, trog_wizard, nicolae_overflow_hallway_of_the_gods,
          uniq_duvessa, uniq_eustachio

Skill      XL: |  1  2  3 |
---------------+----------+-----
Maces & Flails | 3 4 |  4.4
Fighting       | |  2.6
Throwing       | |  2.0
Dodging        | |  2.6

Action                   |  1- 3 |  4- 6 || total
-------------------------+-------+-------++-------
Melee: Flail             |   141 |    15 ||   156
       Punch             |     1 |       ||     1
Throw: Throwing net      |     2 |       ||     2
       Dart              |     1 |     3 ||     4
       Large rock        |     1 |       ||     1
       Boomerang         |       |     3 ||     3
  Use: Scroll            |       |     1 ||     1
       Potion            |       |     1 ||     1
Armor: Robe              |    41 |     3 ||    44
Dodge: Dodged            |   101 |    10 ||   111

Table legend: (Time is in decaauts)
 A = Elapsed time spent in this place.
 B = Non-inter-level travel time spent in this place.
 C = Inter-level travel time spent in this place.
 D = Time resting spent in this place.
 E = Time spent auto-exploring this place.
 F = Levels seen in this place.
 G = Mean time per level.
                   A        B        C        D        E       F      G
               +--------+--------+--------+--------+--------+-----+--------+
         Total |   3001 |   2849 |    152 |    291 |   2023 |   4 |  750.2 |
       Dungeon |   3001 |   2849 |    152 |    291 |   2023 |   4 |  750.2 |
               +--------+--------+--------+--------+--------+-----+--------+

Top non-repeatable levels by time:
     D:1: 1321 daAuts
     D:2: 1195 daAuts
     D:3: 441 daAuts
     D:4: 43 daAuts
